 Dungeon Crawl Stone Soup version 0.29-a0-998-g1987434951 (webtiles) character file.

Game seed: 17400175733277456253

2 kae the Firebug (level 1, 0/10 HPs)
             Began as a Deep Elf Fire Elementalist on Aug 5, 2022.
             Slain by a hobgoblin (4 damage)
             ... on level 1 of the Dungeon.
             The game lasted 00:00:07 (36 turns).

kae the Firebug (Deep Elf Fire Elementalist)          Turns: 36, Time: 00:00:08

Health: 0/10       AC:  2    Str:  5    XL:     1   Next: 25%
Magic:  2/6        EV:  9    Int: 19    God:
Gold:   14         SH:  0    Dex: 15    Spells: 5/6 levels left

rFire   . . .      SeeInvis .   (no weapon)
rCold   . . .      Faith    .   (no shield)
rNeg    . . .      Spirit   .   a - +0 robe
rPois   .          Reflect  .   (no helmet)
rElec   .          Harm     .   (no cloak)
rCorr   .          Rampage  .   (no gloves)
Will    .....                   (no boots)
Stlth   ++........              (no amulet)
HPRegen 0.03/turn               (no ring)
MPRegen 0.10/turn               (no ring)

@: constricted
A: no striking features
a: no special abilities


You were on level 1 of the Dungeon.
You visited 1 branch of the dungeon, and saw 1 of its levels.

You collected 14 gold pieces.


   Skills:
 + Level 0.0 Fighting
 + Level 2.4 Dodging
 - Level 2.4 Stealth
 + Level 3.0 Spellcasting
 * Level 1.1 Conjurations
 * Level 3.3 Fire Magic


You had 5 spell levels left.
You knew the following spells:

 Your Spells              Type           Power      Damage    Failure   Level
a - Foxfire               Conj/Fire      44%        2x1d6     6%          1

Your spell library contained the following spells:

 Spells                   Type           Power      Damage    Failure   Level
 Scorch                   Fire           30%        2d7       6%          2
 Conjure Flame            Conj/Fire      11%        6-21      19%         3
 Blink                    Tloc           4%         N/A       22%         2
 Inner Flame              Hex/Fire       9%         N/A       22%         3
 Lesser Beckoning         Tloc           2%         N/A       41%         3
 Flame Wave               Conj/Fire      11%        2d6       52%         4
 Manifold Assault         Tloc           2%         N/A       99%         5

Inventory:

Armour
 a - a +0 robe (worn)
Scrolls
 c - a scroll of blinking {unknown}
Potions
 b - a potion of magic

Dungeon Overview and Level Annotations

Branches:
Dungeon (1/15) Zot: 5963

Altars:

...... .....). .......
...#... #.# ......#### #.# #
#...$..# #.# ##
#......##########.# ##. ###โ€
..KSv.......#.# ##..
.......##.g@ยง......#.####...
.....## #.v.ยง......#..##....
.... #.............'..... ...
#............######. ..
##########...# ## . ###.# #
.... # ..... # ........ #


You could see a hobgoblin (ally target), a ball python (ally target) and a
kobold.


Message History

Ran out of altars for temple! x2
Lua error: /dgldir/rcfiles/crawl-git/kae.rc:525: unexpected symbol near '#' ๐Ÿค– Initializing magus.rc ...
Options error: Bad monster_list_colour key: strict_neutral (~/.crawlrc:5317) Bad channel name for runrest: 'pray:' โœ… Successfully initialized magus.rc [v1.11.3] Welcome, kae the Deep Elf Fire Elementalist.
If you return without finding the Orb of Zot, so far below, it's all over!
Press ? for a list of commands and other information.
Found 14 gold pieces.
Found a staircase leading out of the dungeon.
You now have 14 gold pieces.
You open the door.
There is an open door here.
You pick up a book of Spatial Translocations and begin reading...
You add the spells Blink, Lesser Beckoning and Manifold Assault to your library.
c - a scroll labelled VARETIAMALL A bat comes into view.
A bat is nearby!
A bat is nearby!
A bat is nearby!
A hobgoblin comes into view.
Casting: Foxfire (safe; 6% risk of failure)
Confirm with . or Enter, or press ? or * to list all spells.
You conjure some foxfire!
The hobgoblin shouts!
You hear a shout!
The foxfire hits the bat. x2
You kill the bat! ๐Ÿ˜Ž MP[-1]
You lost 1 mp, and now have 5/6 mp.
Casting: Foxfire (safe; 6% risk of failure)
Confirm with . or Enter, or press ? or * to list all spells.
You conjure some foxfire!
A kobold comes into view. It is wielding a +0 club.
A kobold comes into view. It is wielding a +0 short sword.
A ball python comes into view.
The foxfire hits the hobgoblin. ๐Ÿ˜Ž MP[-1]
You lost 1 mp, and now have 4/6 mp.
There are monsters nearby!
There are monsters nearby!
Casting: Foxfire (safe; 6% risk of failure)
Confirm with . or Enter, or press ? or * to list all spells.
You miscast Foxfire.
You are very lightly contaminated with residual magic.
Nothing appears to happen.
The ball python hisses angrily.
The foxfire hits the kobold.
You kill the kobold! ๐Ÿ˜Ž MP[-1]
You lost 1 mp, and now have 3/6 mp.
The hobgoblin attacks as you move away! The hobgoblin closely misses you.
The hobgoblin attacks as you move away!
The hobgoblin hits you but does no damage.
Casting: Foxfire (safe; 6% risk of failure)
Confirm with . or Enter, or press ? or * to list all spells.
You conjure some foxfire!
The hobgoblin hits you.
The foxfire hits the hobgoblin. x2
The ball python bites you but does no damage.
The ball python grabs you. The ball python constricts you.
* * * LOW HITPOINT WARNING * * *
The hobgoblin closely misses you.
Your magical contamination has completely faded away. ๐Ÿ˜จ HP[-5]
You take 5 damage, and now have 5/10 hp.
MASSIVE DAMAGE!! (PAUSE)
Casting: Foxfire (safe; 6% risk of failure)
Confirm with . or Enter, or press ? or * to list all spells.
You conjure some foxfire!
The ball python misses you. The ball python constricts you.
* * * LOW HITPOINT WARNING * * *
The hobgoblin hits you.
You die...

Action                   || total
-------------------------++-------
 Cast: Foxfire           ||     4
Armor: Robe              ||     2
Dodge: Dodged            ||     3

Levels and vault maps discovered:
D:1:      mrwooster_arrival_arrow, layout_basic, serial_shops,
          nicolae_shop_hallway_stairs, hangedman_decor_growths

Notes
Turn   | Place    | Note
-------+----------+-------------------------------------------
     0 | D:1      | kae the Deep Elf Fire Elementalist began the quest for the
                  | Orb.
     0 | D:1      | Reached XP level 1. HP: 10/10 MP: 6/6
     0 | D:1      | magus.rc [v1.11.3]
    12 | D:1      | You pick up a book of Spatial Translocations and begin
                  | reading...
    12 | D:1      | You add the spells Blink, Lesser Beckoning and Manifold
                  | Assault to your library.
    36 | D:1      | Slain by a hobgoblin

Vanquished Creatures
  A bat (D:1)
  A kobold (D:1)
2 creatures vanquished.

Vanquished Creatures (others)
  5 foxfires (D:1)
5 creatures vanquished.

Grand Total: 7 creatures vanquished

Table legend:
 A = Non-vault XP
 B = Vault XP
 C = Vault XP percentage of total XP
 D = Non-vault monster count
 E = Vault monster count
 F = Vault count percentage of total count
                 A         B        C        D         E       F
            +---------+---------+-------+---------+---------+-------
      Total |       3 |       0 |   0.0 |       2 |       0 |   0.0
            +---------+---------+-------+---------+---------+-------
        D:1 |       3 |       0 |   0.0 |       2 |       0 |   0.0
            +---------+---------+-------+---------+---------+-------

Illustrated notes

Table legend:
 A = Kills in this place as a percentage of kills in entire the game.
 B = Kills by you in this place as a percentage of kills by you in the entire game.
 C = Kills by friends in this place as a percentage of kills by friends in the entire game.
 D = Other kills in this place as a percentage of other kills in the entire game.
 E = Experience gained in this place as a percentage of experience gained in the entire game.
 F = Experience gained in this place divided by the number of levels of this place that you have seen.
                   A       B       C       D       E      F
               +-------+-------+-------+-------+-------+----------------------
         Total | 100.0 | 100.0 |   N/A |   N/A | 100.0 |   3.0
       Dungeon | 100.0 | 100.0 |   N/A |   N/A | 100.0 |   3.0
               +-------+-------+-------+-------+-------+----------------------

Table legend: (Time is in decaauts)
 A = Elapsed time spent in this place.
 B = Non-inter-level travel time spent in this place.
 C = Inter-level travel time spent in this place.
 D = Time resting spent in this place.
 E = Time spent auto-exploring this place.
 F = Levels seen in this place.
 G = Mean time per level.
                   A        B        C        D        E       F      G
               +--------+--------+--------+--------+--------+-----+--------+
         Total |     36 |     36 |      0 |      0 |     21 |   1 |   36.0 |
       Dungeon |     36 |     36 |      0 |      0 |     21 |   1 |   36.0 |
               +--------+--------+--------+--------+--------+-----+--------+

Top non-repeatable levels by time:
     D:1: 36 daAuts
